 Dungeon Crawl Stone Soup version 0.29.0-13-gc9e81de378 (webtiles) character file.

Game seed: 14914381328591583008

104 funnyparkerb the Poker (level 4, 0/33 HPs)
             Began as a Merfolk Gladiator on Sept 7, 2022.
             Slain by Crazy Yiuf
             ... wielding a +3 quarterstaff of chaos
              (6 damage)
             ... on level 2 of the Dungeon.
             The game lasted 00:02:33 (1493 turns).

funnyparkerb the Poker (Merfolk Gladiator)          Turns: 1493, Time: 00:02:33

Health: 0/33       AC:  7    Str: 14 (16) XL:     4   Next: 80%
Magic:  4/4        EV: 10    Int:  5 (7)  God:
Gold:   76         SH:  0    Dex: 12 (15) Spells: 3/3 levels left

rFire   . . .      SeeInvis .   a - +0 trident
rCold   . . .      Faith    .   (no shield)
rNeg    . . .      Spirit   .   o - +0 scale mail
rPois   .          Reflect  .   c - +0 helmet
rElec   .          Harm     .   (no cloak)
rCorr   .          Rampage  .   (no gloves)
Will    .....                   (no boots)
Stlth   ..........              (no amulet)
HPRegen 0.11/turn               (no ring)
MPRegen 0.09/turn               (no ring)

@: mighty, lethally poisoned (0 -> -8)
A: (nimble swimmer 2), mertail
a: no special abilities


You were on level 2 of the Dungeon.
You visited 1 branch of the dungeon, and saw 2 of its levels.

You collected 76 gold pieces.

Inventory:

Hand Weapons
 a - a +0 trident (weapon)
Missiles
 d - 3 throwing nets (quivered)
 e - 3 javelins
Armour
 c - a +0 helmet (worn)
 h - a scarf of shadows
 o - a +0 scale mail (worn)
Jewellery
 l - the ring of Haxkoahit {AC+4 Int+2}
   (You found it on level 2 of the Dungeon)

   [ring of protection]

   AC:        It affects your AC (+4).
   Int:       It affects your intelligence (+2).
Scrolls
 f - 3 scrolls of identify {unknown}
 g - 3 scrolls of enchant armour {unknown}
 k - a scroll of vulnerability {unknown}
 m - a scroll of magic mapping {unknown}
 p - a scroll of teleportation {unknown}
Potions
 b - a potion of heal wounds {unknown}
 i - a potion of degeneration
 j - a potion of mutation {unknown}
 n - a potion of flight {unknown}
 r - a potion of curing {unknown}
 s - a potion of invisibility {unknown}


   Skills:
 - Level 2.1 Fighting
 + Level 7.1 Polearms
 - Level 2.0 Throwing
 - Level 4.0 Dodging


You had 3 spell levels left.
You didn't know any spells.
Your spell library was empty.

Dungeon Overview and Level Annotations

Branches:
Dungeon (2/15)

Altars:

Annotations:
D:2 Crazy Yiuf


Innate Abilities, Weirdness & Mutations

((You are very nimble when in or above water. (Stealth+, EV+, Speed+++)))
Your lower body shifts to a powerful aquatic tail in water.


Message History

Things that are here:
a +0 flail; a +0 scale mail; the human skeleton of Terence
Found a whip.
s - a puce potion No target in view!
No target in view!
No target in view!
Found a hammer.
Found a runed translucent door.
Crazy Yiuf shouts!
Crazy Yiuf says, "Liver tea snail!"
Failed to move towards target.
Failed to move towards target.
Failed to move towards target.
Failed to move towards target.
You open the door. You hit Crazy Yiuf.
Crazy Yiuf is lightly wounded.
Crazy Yiuf hits you with a +3 quarterstaff of chaos!
You are poisoned.
You barely miss Crazy Yiuf.
Crazy Yiuf is lightly wounded.
You feel very sick.
Crazy Yiuf hits you with a +3 quarterstaff of chaos.
You are too injured to fight recklessly!
You are too injured to fight recklessly!
It was a potion of degeneration.
There was something very wrong with that liquid.
You feel weakened.
You feel dopey.
You feel clumsy.
You feel very sick.
Crazy Yiuf screams, "Peeping ena tea!"
Crazy Yiuf hits you with a +3 quarterstaff of chaos.
* * * LOW HITPOINT WARNING * * *
Crazy Yiuf freezes you.
* * * LOW HITPOINT WARNING * * *
It was a potion of might.
You feel very mighty all of a sudden.
* * * LOW HITPOINT WARNING * * *
You feel sick.
Crazy Yiuf says, "East hand ragdoll!"
Crazy Yiuf hits you with a +3 quarterstaff of chaos.
You die...

####♣♣ ###
##....♣♣ ♣♣#..)#
##
#......♣♣♣♣@g...#
###.
#.......♣..♣#...#
######...
#.#....♣.♣♣♣ ###
##........
#..##♣♣♣♣♣
#......... ##.#
#......... #.#
#########>........
#.#
#.........(....<..
#.#
#.........).....<.
#.#
#.................


You could see Crazy Yiuf.

Vanquished Creatures
  Jessica (D:2)
  Terence (D:2)
  An adder (D:2)
  A dart slug (D:2)
  9 endoplasms
  2 giant cockroaches (D:1)
  A goblin (D:1)
  7 hobgoblins
  3 quokkas (D:1)
  7 bats (D:1)
  2 frilled lizards (D:1)
  2 kobolds (D:2)
  7 rats
44 creatures vanquished.

Notes
Turn   | Place    | Note
-------+----------+-------------------------------------------
     0 | D:1      | funnyparkerb the Merfolk Gladiator began the quest for the
                  | Orb.
     0 | D:1      | Reached XP level 1. HP: 16/16 MP: 1/1
   131 | D:1      | Reached XP level 2. HP: 22/22 MP: 2/2
   376 | D:1      | Reached skill level 5 in Polearms
   544 | D:1      | Reached XP level 3. HP: 27/27 MP: 3/3
   589 | D:1      | Found a faded altar of an unknown god.
   819 | D:2      | Reached skill level 6 in Polearms
   938 | D:2      | Identified the ring of Haxkoahit {AC+4 Int+2}
   953 | D:2      | Noticed Jessica
   963 | D:2      | Killed Jessica
   964 | D:2      | Reached XP level 4. HP: 18/33 MP: 4/4
  1155 | D:2      | Noticed Terence
  1164 | D:2      | Killed Terence
  1165 | D:2      | Reached skill level 7 in Polearms
  1485 | D:2      | Found a runed translucent door.
  1486 | D:2      | Noticed Crazy Yiuf
  1493 | D:2      | Slain by Crazy Yiuf

Illustrated notes

Levels and vault maps discovered:
D:1:      dpeg_arrival_tiny_c, layout_loops_ring,
          shapermc_ecumenical_altar_mp_vishouse, hex_tiny
D:2:      layout_rooms, minmay_misc_feat_more_columns, uniq_crazy_yiuf_cottage,
          uniq_terence, uniq_jessica

Skill      XL: |  1  2  3  4 |
---------------+-------------+-----
Polearms       | 5 6 7 |  7.1
Fighting       | |  2.1
Throwing       | |  2.0
Dodging        | |  4.0

Action                   |  1- 3 |  4- 6 || total
-------------------------+-------+-------++-------
Melee: Trident           |    82 |    42 ||   124
       Punch             |       |     1 ||     1
  Use: Potion            |       |     2 ||     2
 Stab: Sleeping          |     2 |       ||     2
Armor: Leather armour    |    16 |     4 ||    20
       Scale mail        |       |     4 ||     4
Dodge: Dodged            |    44 |    15 ||    59
